 Dungeon Crawl Stone Soup version 0.28-a0-1292-gb4563b27b3 (webtiles) character file.

Game seed: 10581121122733991487

15560 Conn the Thaumaturge (level 12, -6/70 HPs)
             Began as an Octopode Fire Elementalist on Dec 27, 2021.
             Was an Elder of Sif Muna.
             Mangled by a slime creature (14 damage)
             ... on level 12 of the Dungeon.
             The game lasted 00:36:06 (16022 turns).

Conn the Thaumaturge (Octopode Fire Elementalist)  Turns: 16022, Time: 00:36:06

Health: -6/70      AC:  1    Str: 18    XL:     12   Next: 28%
Magic:  1/25       EV: 14    Int: 22    God:    Sif Muna [****..]
Gold:   1818       SH:  0    Dex: 16    Spells: 11/30 levels left

rFire   + . .      SeeInvis +   q - +2 scythe (protect)
rCold   x . .      Faith    +   (shield currently unavailable)
rNeg    . . .      Spirit   .   (helmet restricted)
rPois   .          Reflect  .   A - amulet of faith
rElec   .          Harm     .   b - ring of see invisible
rCorr   .          Rampage  .   e - +6 ring of strength
Will    .....                   z - ring of flight
Stlth   ++++......              p - ring of Gynoc {Fire Str+5 Dex+3}
HPRegen 0.21/turn               (no ring)
MPRegen 0.19/turn               (no ring)
                                (no ring)
                                (no ring)

@: flying
A: almost no armour, amphibious, 8 rings, camouflage 1, gelatinous body 1,
(nimble swimmer 1), tentacles
a: Renounce Religion, Channel Magic, Forget Spell, Divine Exegesis


You were on level 12 of the Dungeon.
You worshipped Sif Muna.
Sif Muna was greatly pleased with you.
You visited 2 branches of the dungeon, and saw 13 of its levels.
You also visited: Bailey.

You collected 1893 gold pieces.
You spent 75 gold pieces at shops.

Inventory:

Hand Weapons
 c - a +0 dagger
 q - a +2 scythe of protection (weapon)
 y - a +4 dagger of protection
Missiles
 j - a curare-tipped dart (quivered)
 o - 73 poisoned darts
Jewellery
 b - a ring of see invisible (left tentacle)
 e - a +6 ring of strength (right tentacle)
 p - the ring of Gynoc (on tentacle) {Fire Str+5 Dex+3}
   (You found it in a bailey)

   [ring of fire]

   It enhances your fire magic.
   Str:       It affects your strength (+5).
   Dex:       It affects your dexterity (+3).
   rF:        It protects you from fire.
   rC:        It makes you vulnerable to cold.
 z - a ring of flight (on tentacle)
 A - an amulet of faith (around mantle)
Wands
 f - a wand of polymorph (6)
 l - a wand of flame (21)
 u - a wand of iceblast (13)
 x - a wand of digging (4)
Scrolls
 a - 2 scrolls of enchant armour
 k - a scroll of brand weapon
 m - a scroll of vulnerability
 s - 2 scrolls of fog
 t - 4 scrolls of teleportation
 v - a scroll of immolation
 B - 2 scrolls of blinking
 E - 2 scrolls of amnesia {unknown}
Potions
 d - a potion of lignification
 g - a potion of berserk rage
 h - 3 potions of brilliance
 i - 2 potions of attraction
 n - a potion of mutation
 r - a potion of magic {unknown}
 w - 4 potions of curing
 D - 2 potions of invisibility {unknown}


   Skills:
 + Level 2.2 Fighting
 + Level 1.0 Short Blades
 + Level 2.9 Polearms
 + Level 3.9 Dodging
 + Level 6.6 Stealth
 + Level 0.4 Unarmed Combat
 + Level 9.6 Spellcasting
 + Level 7.4 Conjurations
 + Level 3.3 Hexes
 * Level 2.4 Summonings
 + Level 5.5 Translocations
 + Level 9.5 Fire Magic
 * Level 2.4 Ice Magic
 * Level 6.6 Invocations
 + Level 1.4 Evocations


You had 11 spell levels left.
You knew the following spells:

 Your Spells              Type           Power      Damage    Failure   Level
a - Foxfire               Conj/Fire      100%       2x1d9     1%          1
b - Conjure Flame         Conj/Fire      64%        6-21      1%          3
c - Inner Flame           Hex/Fire       56%        N/A       1%          3
d - Flame Wave            Conj/Fire      64%        2d10      1%          4
e - Scorch                Fire           100%       2d10      1%          2
f - Blink                 Tloc           70%        N/A       1%          2
g - Summon Ice Beast      Ice/Summ       21%        N/A       22%         4

Your spell library contained the following spells:

 Spells                   Type           Power      Damage    Failure   Level
 Apportation              Tloc           70%        N/A       1%          1
 Shock                    Conj/Air       100%       1d9       1%          1
 Gell's Gravitas          Tloc           35%        N/A       1%          3
 Lesser Beckoning         Tloc           35%        N/A       1%          3
 Teleport Other           Tloc           35%        N/A       1%          3
 Summon Small Mammal      Summ           84%        N/A       2%          1
 Animate Skeleton         Necr           20%        N/A       6%          1
 Frozen Ramparts          Ice            42%        1d6       7%          3
 Cause Fear               Hex            12%        N/A       16%         4
 Swiftness                Air            10%        N/A       19%         3
 Manifold Assault         Tloc           35%        N/A       19%         5
 Ice Form                 Ice/Tmut       15%        N/A       36%         4
 Airstrike                Air            5%         N/A       54%         4
 Dispersal                Tloc           17%        N/A       69%         6
 Dragon Form              Tmut           5%         N/A       100%        7
 Dragon's Call            Summ           10%        N/A       100%        9


Dungeon Overview and Level Annotations

Branches:
Dungeon (12/15)            Temple (1/1) D:6            Lair (0/6) D:8
    Orc (0/2) D:11         Bailey (visited)

Altars:
Elyvilon
Gozag
Okawaru
Qazlal
Sif Muna
Wu Jian
Yredelemnul

Shops:
D:7 ?


Innate Abilities, Weirdness & Mutations

You cannot wear most types of armour.
You are amphibious.
You can wear up to eight rings at the same time.
Your skin changes colour to match your surroundings (Stealth+).
Your rubbery body absorbs attacks. (AC +1, EV +1)
((You are camouflaged when in or above water. (Stealth+)))
You have tentacles for arms and can constrict up to eight enemies at once.


Message History

The foxfire hits the slime creature!
The slime creature is moderately wounded.
Casting: Foxfire (safe; 1% risk of failure)
Confirm with . or Enter, or press ? or * to list all spells.
You feel a surge of power!
You conjure some foxfire!
The foxfire hits the slime creature.
The slime creature is heavily wounded.
The foxfire hits the slime creature.
The slime creature is heavily wounded.
The foxfire hits the slime creature but does no damage.
The slime creature is heavily wounded.
A slime creature comes into view.
The foxfire hits the slime creature!
The slime creature is heavily wounded.
The foxfire hits the slime creature.
The slime creature is severely wounded.
Unknown command.
Casting: Foxfire (safe; 1% risk of failure)
Confirm with . or Enter, or press ? or * to list all spells.
You feel a surge of power!
You conjure some foxfire!
Unknown command.
You are too injured to fight recklessly!
The foxfire hits the slime creature!
The slime creature is severely wounded.
The foxfire hits the slime creature.
The slime creature is almost dead.
A slime creature comes into view.
You are too injured to fight recklessly!
You slash the slime creature!
Your weapon exudes an aura of protection.
Your squeeze misses the slime creature.
The slime creature is almost dead.
The slime creature hits you. The slime creature closely misses you.
A slime creature comes into view.
You barely miss the slime creature.
The slime creature is almost dead.
The slime creature hits you!!
* * * LOW HITPOINT WARNING * * *
The slime creature hits you!
You die...

###########......#
.................#
## #...............#
...#...............#
..#.$...............
.'......######.....
#####......# #####
....J......#
......J.JJ@#
...........#
####......# ########


You could see 4 slime creatures.

Vanquished Creatures
  A boulder beetle (D:11)
  2 hydras (D:11)
  Erica (D:8)
  2 two-headed ogres
  A glowing orange brain (shapeshifter) (D:9)
  2 cyclopes
  2 ugly things
  An unseen horror (D:11)
  A gargoyle (Bailey)
  Maggie (D:8)
  3 kobold demonologists
  2 trolls
  Grinder (D:3)
  Prince Ribbit (D:9)
  A slime creature (D:12)
  Sigmund (D:3)
  4 vampires
  Grum (D:8)
  2 vampire mosquitoes (D:10)
  2 steam dragons
  2 wargs (D:11)
  7 water moccasins
  2 black bears
  An ogre (D:5)
  2 necrophages
  4 wolves (D:8)
  6 centaurs
  2 phantoms (D:5)
  6 kobold brigands
  5 bullfrogs
  2 gnoll sergeants (D:9)
  2 scorpions
  3 killer bees (D:7)
  8 vampire bats (Bailey)
  A howler monkey (D:10)
  8 wolf zombies (Bailey)
  A bullfrog zombie (D:3)
  7 centaur zombies
  An orc priest (D:11)
  2 bullfrog skeletons
  A centaur skeleton (D:5)
  A gnoll shaman (D:9)
  2 hounds
  4 iguanas
  6 orc wizards
  Natasha (thrice) (D:3)
  A killer bee zombie (D:7)
  A hound zombie (D:5)
  A howler monkey zombie (D:7)
  3 adders
  5 gnolls (D:9)
  2 white imps (D:7)
  4 worms
  A dart slug (D:3)
  24 orcs
  7 endoplasms
  A giant cockroach (D:4)
  7 goblins
  6 hobgoblins
  10 jackals
  23 kobolds
  4 quokkas
  5 ball pythons
  4 bats
  8 frilled lizards
  19 orc zombies (Bailey)
  3 rats
260 creatures vanquished.

Vanquished Creatures (others)
  1073 foxfires
  35 fungi
  36 plants (D:8)
  3 toadstools (D:9)
1147 creatures vanquished.

Grand Total: 1407 creatures vanquished

Notes
Turn   | Place    | Note
-------+----------+-------------------------------------------
     0 | D:1      | Conn the Octopode Fire Elementalist began the quest for the
                  | Orb.
     0 | D:1      | Reached XP level 1. HP: 11/11 MP: 3/3
   368 | D:1      | Reached XP level 2. HP: 17/17 MP: 1/5
   905 | D:1      | Reached XP level 3. HP: 15/21 MP: 0/6
  1708 | D:2      | Found a white marble altar of Elyvilon.
  1988 | D:2      | Found a faded altar of an unknown god.
  2197 | D:3      | Reached XP level 4. HP: 27/27 MP: 5/8
  2603 | D:3      | Noticed Natasha
  2609 | D:3      | Killed Natasha
  2853 | D:3      | Reached XP level 5. HP: 27/31 MP: 0/9
  3002 | D:3      | Noticed Grinder
  3032 | D:3      | Learned a level 2 spell: Scorch
  3036 | D:3      | Learned a level 3 spell: Conjure Flame
  3040 | D:3      | Learned a level 3 spell: Inner Flame
  3060 | D:3      | Paralysed by Grinder for 5 turns
  3075 | D:3      | Killed Grinder
  3076 | D:3      | Reached XP level 6. HP: 21/36 MP: 2/11
  3338 | D:3      | Noticed Natasha
  3342 | D:3      | Killed Natasha
  3346 | D:3      | Noticed Natasha
  3350 | D:3      | Killed Natasha
  3561 | D:3      | Noticed Sigmund
  3568 | D:3      | Killed Sigmund
  3569 | D:3      | Reached skill level 5 in Fire Magic
  3569 | D:3      | Reached skill level 1 in Evocations
  3569 | D:3      | Reached XP level 7. HP: 41/41 MP: 3/13
  4697 | D:5      | Entered Level 5 of the Dungeon
  4734 | D:5      | Reached skill level 1 in Polearms
  4734 | D:5      | Reached skill level 5 in Stealth
  4742 | D:5      | Reached XP level 8. HP: 11/47 MP: 1/15
  5056 | D:5      | Reached skill level 1 in Fighting
  5386 | D:5      | Reached skill level 5 in Spellcasting
  5392 | D:5      | Noticed a troll
  5396 | D:5      | Killed a troll
  5397 | D:5      | Reached skill level 1 in Hexes
  5996 | D:6      | Reached XP level 9. HP: 46/53 MP: 11/17
  6491 | D:6      | Found a staircase to the Ecumenical Temple.
  6510 | Temple   | Entered the Ecumenical Temple
  6516 | Temple   | Became a worshipper of Sif Muna the Loreminder
  6596 | D:6      | Learned a level 4 spell: Flame Wave
  6599 | D:6      | Learned a level 2 spell: Blink
  7027 | D:7      | Reached skill level 1 in Invocations
  7054 | D:7      | Reached skill level 1 in Translocations
  7240 | D:7      | Found Wijin's Magic Scroll Emporium.
  7245 | D:7      | Reached skill level 5 in Conjurations
  7550 | D:7      | Bought a scroll of blinking for 75 gold pieces
  8247 | D:8      | Found a stormy altar of Qazlal.
  8287 | D:8      | Noticed Maggie
  8300 | D:8      | Killed Maggie
  8545 | D:8      | Noticed Erica
  8552 | D:8      | Killed Erica
  8553 | D:8      | Reached XP level 10. HP: 60/60 MP: 10/20
  8718 | D:8      | Reached * piety under Sif Muna
  8797 | D:8      | Noticed Grum
  8802 | D:8      | Killed Grum
  9377 | D:8      | Found a staircase to the Lair.
  9788 | D:8      | Identified a scroll of acquirement
  9788 | D:8      | Acquired 1244 gold pieces
  9862 | D:9      | Noticed a kobold demonologist
  9869 | D:9      | Killed a kobold demonologist
 10275 | D:9      | Noticed Prince Ribbit
 10289 | D:9      | Killed Prince Ribbit
 10433 | D:9      | Noticed a cyclops
 10443 | D:9      | Killed a cyclops
 10525 | D:9      | Noticed a green ugly thing
 10531 | D:9      | Noticed a glowing orange brain
 10539 | D:9      | Killed a green ugly thing
 10540 | D:9      | Reached XP level 11. HP: 54/64 MP: 13/23
 10545 | D:9      | Killed a glowing orange brain
 10546 | D:9      | Reached skill level 5 in Invocations
 10732 | D:9      | Reached ** piety under Sif Muna
 11313 | D:10     | Entered Level 10 of the Dungeon
 11673 | D:10     | Noticed a sun demon
 11710 | D:10     | Found a flagged portal.
 11724 | Bailey   | Entered a bailey
 11800 | Bailey   | Reached skill level 5 in Translocations
 12030 | Bailey   | Reached *** piety under Sif Muna
 12759 | Bailey   | Reached skill level 1 in Short Blades
 13201 | Bailey   | Identified the ring of Gynoc {Fire Str+5 Dex+3}
 13316 | D:10     | Noticed a two-headed ogre
 13343 | D:10     | Killed a two-headed ogre
 13806 | D:10     | Learned a level 4 spell: Summon Ice Beast
 13899 | D:11     | Noticed a boulder beetle
 14274 | D:11     | Reached **** piety under Sif Muna
 14573 | D:11     | Found a staircase to the Orcish Mines.
 14594 | D:11     | Noticed a five-headed hydra
 14611 | D:11     | Killed a five-headed hydra
 14612 | D:11     | Reached skill level 1 in Summonings
 14612 | D:11     | Reached skill level 1 in Ice Magic
 14914 | D:11     | Noticed a seven-headed hydra
 14922 | D:11     | Killed a seven-headed hydra
 14923 | D:11     | Reached XP level 12. HP: 70/70 MP: 18/25
 15105 | D:11     | Noticed a boulder beetle
 15148 | D:11     | Killed a boulder beetle
 15427 | D:11     | Noticed a two-headed ogre
 15435 | D:11     | Killed a two-headed ogre
 16022 | D:12     | Mangled by a slime creature

Illustrated notes

Levels and vault maps discovered:
D:1:      roderic_crossed_star, layout_basic, serial_park_tiny_pond
D:2:      layout_rooms, basic_altar, hellmonk_ecumenical_altar_zigzags,
          bh_walls_and_bars
D:3:      layout_basic, nicolae_elevator_lobby_plus, uniq_sigmund, uniq_natasha,
          uniq_grinder
D:4:      layout_loops_corners, serial_co_window_serial, co_window_corner_a,
          co_window_corner_a, co_window_paths_a, co_window_of_opportunity_a,
          co_window_paths_a, co_window_paths_a, co_window_broadway_c,
          co_window_broadway_a, co_window_of_opportunity_b, co_window_paths_e,
          glass_columns_a, glass_columns_a, glass_columns_c
D:5:      layout_rooms
D:6:      layout_gridville, minmay_temple_entry_grid, corner_web_ring,
          hangedman_abyss_or_decor_lesser_grid, minmay_misc_feat_encased,
          minivault_23
D:7:      layout_loops_ring, serial_shops, shop
D:8:      layout_gridville, grunt_qazlal_sundering, due_lair_maze_entry_diamond,
          uniq_erica, uniq_grum, uniq_maggie
D:9:      minmay_chambers_of_sixes, layout_irregular_city,
          minmay_gold_behind_fungi, uniq_prince_ribbit1
D:10:     layout_gridville, enter_bailey_4
D:11:     layout_layer_cave, erik_orc_4
D:12:     layout_irregular_city, amethyst_killhole
Temple:   nicolae_temple_the_god_donut

Skill      XL: |  1  2  3  4  5  6  7  8  9 10 11 12 |
---------------+-------------------------------------+-----
Stealth        | 3 4 5 6 |  6.6
Fire Magic     | 4 5 6 7 8 9 |  9.5
Spellcasting   | 3 4 5 7 8 9 |  9.6
Conjurations   | 2 3 4 5 6 7 |  7.4
Evocations     | 1 |  1.4
Polearms       | 1 2 |  2.9
Fighting       | 1 2 |  2.2
Hexes          | 1 2 3 |  3.3
Invocations    | 3 4 6 |  6.6
Translocations | 3 4 5 |  5.5
Dodging        | 3 |  3.9
Short Blades   | 1 |  1.0
Summonings     | 1 2 |  2.4
Ice Magic      | 1 2 |  2.4
Unarmed Combat | |  0.4

Action                   |  1- 3 |  4- 6 |  7- 9 | 10-12 || total
-------------------------+-------+-------+-------+-------++-------
Melee: Unarmed           |    10 |       |       |       ||    10
       Constrict         |    12 |     3 |    11 |     2 ||    28
       Tentacles         |     5 |     1 |    13 |     7 ||    26
       Dagger            |    26 |     6 |    26 |    15 ||    73
       Scythe            |       |       |    21 |     7 ||    28
Throw: Dart              |       |       |       |     1 ||     1
 Cast: Foxfire           |    67 |    50 |   142 |   365 ||   624
       Scorch            |       |     3 |     5 |    10 ||    18
       Conjure Flame     |       |     2 |     5 |     8 ||    15
       Inner Flame       |       |     1 |    15 |    55 ||    71
       Flame Wave        |       |       |       |     6 ||     6
       Blink             |       |       |       |     6 ||     6
       Summon Ice Beast  |       |       |       |     2 ||     2
Evoke: Wand              |       |     7 |     1 |     5 ||    13
  Use: Scroll            |       |       |       |    18 ||    18
       Potion            |       |       |       |    10 ||    10
 Stab: Sleeping          |     5 |     2 |    11 |     2 ||    20
Armor: Skin              |     3 |       |    15 |    26 ||    44
Dodge: Dodged            |    37 |     3 |    51 |   107 ||   198

Table legend: (Time is in decaauts)
 A = Elapsed time spent in this place.
 B = Non-inter-level travel time spent in this place.
 C = Inter-level travel time spent in this place.
 D = Time resting spent in this place.
 E = Time spent auto-exploring this place.
 F = Levels seen in this place.
 G = Mean time per level.
                   A        B        C        D        E       F      G
               +--------+--------+--------+--------+--------+-----+--------+
         Total |  16044 |  15734 |    310 |    935 |  11833 |  14 | 1146.0 |
       Dungeon |  14469 |  14159 |    310 |    935 |  10565 |  12 | 1205.8 |
        Temple |     12 |     12 |      0 |      0 |      0 |   1 |   12.0 |
        Bailey |   1562 |   1562 |      0 |      0 |   1268 |   1 | 1562.0 |
               +--------+--------+--------+--------+--------+-----+--------+

Top non-repeatable levels by time:
     D:7: 1574 daAuts
  Bailey: 1562 daAuts
    D:11: 1495 daAuts
     D:3: 1485 daAuts
     D:9: 1471 daAuts
     D:8: 1394 daAuts
    D:10: 1393 daAuts
     D:1: 1337 daAuts
     D:5: 1112 daAuts
     D:6: 1054 daAuts
     D:4: 1034 daAuts
     D:2: 853 daAuts
    D:12: 263 daAuts
  Temple: 12 daAuts
